 Dungeon Crawl Stone Soup version 0.30-a0-930-gb9d0489357 (webtiles) character file.

Game seed: 7007306646004592566

767 DeathPants the Sneak (level 7, -1/38 HPs)
             Began as a Vine Stalker Monk on Mar 23, 2023.
             Was an Initiate of Gozag.
             Splashed by a jelly's acid (9 damage)
             ... on level 6 of the Dungeon.
             The game lasted 00:11:46 (4247 turns).

DeathPants the Sneak (Vine Stalker Monk)            Turns: 4247, Time: 00:11:47

Health: -1/38      AC: -2    Str: 14    XL:     7   Next: 82%
Magic:  0/8        EV: 13    Int: 10    God:    Gozag
Gold:   212        SH:  5    Dex: 18    Spells: 6/6 levels left

rFire   . . .      SeeInvis .    b - +1 rapier
rCold   . . .      Faith    .    (no shield)
rNeg    . . .      Spirit   +    h - +0 leather armour
rPois   .          Reflect  +    m - +0 helmet
rElec   .          Rampage  .    (no cloak)
rCorr   .                        s - +0 pair of gloves
Will    .....                    w - +0 pair of boots
Stlth   +++                      d - amulet of reflection
HPRegen 1.06/turn                (no ring)
MPRegen 0.11/turn                (no ring)

@: corroded
A: fangs 2, regeneration 1, magic shield, antimagic bite, no potion heal 2
a: Renounce Religion, Potion Petition, Call Merchant, Bribe Branch


You were on level 6 of the Dungeon.
You worshipped Gozag.
Gozag was aware of your devotion.
You visited 2 branches of the dungeon, and saw 8 of its levels.

You collected 212 gold pieces.

Inventory:

Hand Weapons
 a - a +0 dagger
 b - a +1 rapier (weapon)
Missiles
 o - 5 poisoned darts (quivered)
 u - 3 boomerangs
Armour
 h - a +0 leather armour (worn)
 m - a +0 helmet (worn)
 s - a +0 pair of gloves (worn)
 w - a +0 pair of boots (worn)
Jewellery
 d - an amulet of reflection (around neck)
Scrolls
 e - a scroll of fog {unknown}
 f - a scroll of vulnerability
 g - a scroll of magic mapping
 i - a scroll of torment {unknown}
 j - a scroll of teleportation {unknown}
 k - a scroll of enchant weapon
 v - a scroll of immolation {unknown}
Potions
 c - 3 potions of curing
 l - a potion of brilliance
 n - a potion of flight
 p - 2 potions of attraction
 q - 2 potions of haste
 r - a potion of lignification
 t - a potion of mutation {unknown}


   Skills:
 + Level 4.3 Fighting
 * Level 5.5 Short Blades
 + Level 3.9 Dodging
 + Level 5.5 Stealth


You had 6 spell levels left.
You didn't know any spells.
Your spell library contained the following spells:

 Spells                   Type           Power      Damage    Failure   Level
 Magic Dart               Conj           0%         1d3       43%         1
 Sandblast                Erth           0%         2d4       43%         1
 Slow                     Hex            0%         N/A       43%         1
 Call Imp                 Summ           0%         N/A       58%         2
 Passwall                 Tmut/Erth      0%         N/A       58%         2
 Confusing Touch          Hex            0%         N/A       82%         3
 Gell's Gravitas          Tloc           0%         N/A       82%         3
 Mephitic Cloud           Conj/Pois/Air  0%         N/A       82%         3
 Stone Arrow              Conj/Erth      0%         3d7       82%         3
 Teleport Other           Tloc           0%         N/A       82%         3
 Vampiric Draining        Necr           0%         2d6       82%         3
 Dispersal                Tloc           0%         N/A       100%        6


Dungeon Overview and Level Annotations

Branches:
Dungeon (7/15)             Temple (1/1) D:6

Altars:
Dithmenos
Elyvilon
Fedhas
Gozag
Hepliaklqana
Kikubaaqudgha
Makhleb
Qazlal
Uskayaw
Vehumet
Wu Jian
Xom
Yredelemnul


Innate Abilities, Weirdness & Mutations

You have extremely sharp teeth.
Your natural rate of healing is unusually fast.
When hurt, damage is shared between your health and your magic reserves.
Your bite disrupts and absorbs the magic of your enemies.
Potions cannot restore your health.


Message History

You start putting on your armour.
You continue putting on your +0 pair of boots. x4
You finish putting on your +0 pair of boots.
There is a stone staircase leading down here.
You hear a distant slurping noise.
You climb downwards.
There is a stone staircase leading up here.
You climb upwards.
There is a stone staircase leading down here.
A jelly comes into view.
You hear a slurping noise.
The jelly eats the door!
You hit the jelly. The acid corrodes you!
Your hands burn!
You bite the jelly. You drain its power.
The jelly is lightly wounded.
The jelly closely misses you.
You puncture the jelly!
Your hands burn!
The jelly is moderately wounded.
You block the jelly's attack.
You hit the jelly but do no damage.
Your hands burn!
You bite the jelly, but do no damage.
The jelly is moderately wounded.
The jelly hits you. The acid corrodes you!
You are splashed with acid.
You puncture the jelly!
Your hands burn!
The jelly is heavily wounded.
You block the jelly's attack.
You barely miss the jelly.
The jelly is heavily wounded.
You hit the jelly but do no damage. The acid corrodes you!
Your hands burn!
You bite the jelly, but do no damage.
The jelly is heavily wounded.
The jelly hits you.
You are splashed with acid!
You hit the jelly but do no damage. The acid corrodes you!
Your hands burn!
* * * LOW HITPOINT WARNING * * *
The jelly is heavily wounded.
The jelly hits you.
* * * LOW HITPOINT WARNING * * *
You are splashed with acid!
You die...
Your body crumbles into a pile of gold.

#........#+##
#........# #........# #
#........# .#
#........# ..#
######........## ...#
#....##..#.....# ....#
#..............#......
#...#...##....@J......
.....#.#..#....#......
#. #..#....#....# .....
#...##....#.....#+#####
#......>...............
#...#....##..>.........
#..#....#..#...........
$ #..#.#..............
...##...#.............


You could see a jelly.

Vanquished Creatures
  An ogre (D:4)
  A phantom (D:5)
  2 scorpions
  3 hounds
  4 orc priests
  A jelly (D:4)
  3 sleepcaps
  An orc wizard (D:5)
  6 adders
  A shadow imp (D:5)
  An ufetubus (D:5)
  4 worms
  2 dart slugs
  9 orcs
  9 endoplasms
  2 giant cockroaches
  5 hobgoblins
  5 kobolds
  4 quokkas
  8 ball pythons
  4 bats
  A frilled lizard (D:2)
  5 goblins
  5 rats
87 creatures vanquished.

Notes
Turn   | Place    | Note
-------+----------+-------------------------------------------
     0 | D:1      | DeathPants the Vine Stalker Monk began the quest for the
                  | Orb.
     0 | D:1      | Reached XP level 1. HP: 11/11 MP: 2/2
   165 | D:1      | Reached XP level 2. HP: 16/16 MP: 3/3
   727 | D:2      | Reached XP level 3. HP: 9/19 MP: 4/4
   802 | D:2      | You fall into a shaft and drop 1 floor!
   948 | D:4      | Noticed a scorpion
  1376 | D:2      | Found a blossoming altar of Fedhas.
  1468 | D:2      | Gained mutation: Your natural rate of healing is unusually
                  | fast. [Vine Stalker growth]
  1468 | D:2      | Reached XP level 4. HP: 24/24 MP: 5/5
  2237 | D:4      | Reached XP level 5. HP: 28/28 MP: 6/6
  2435 | D:5      | Entered Level 5 of the Dungeon
  2602 | D:4      | Noticed an ogre
  2611 | D:4      | HP: 1/28 [ogre/+0 giant club (11)]
  2612 | D:4      | Killed an ogre
  2613 | D:4      | Reached XP level 6. HP: 2/32 MP: 1/7
  3429 | D:5      | Reached XP level 7. HP: 37/37 MP: 8/8
  3492 | D:5      | Reached skill level 5 in Short Blades
  3519 | D:5      | Reached skill level 5 in Stealth
  3531 | D:5      | HP: 1/37 [something/magic dart (2)]
  4128 | D:6      | Found a staircase to the Ecumenical Temple.
  4138 | Temple   | Entered the Ecumenical Temple
  4196 | Temple   | Became a worshipper of Gozag Ym Sagoz the Greedy
  4247 | D:6      | Splashed by a jelly's acid

Illustrated notes

Levels and vault maps discovered:
D:1:      erik_arrival_blinker_ship, layout_basic
D:2:      layout_basic, basic_altar, nrook_mini_backslash
D:3:      layout_basic
D:4:      layout_basic, minivault_24, kennysheep_generic_room_14
D:5:      layout_loops_ring, nicolae_concentric_dashed_squares_mild
D:6:      layout_gridville, minmay_temple_entry_mini_moons, nicolae_water_bricks
D:7:      layout_basic, minmay_misc_feat_iff
Temple:   dshaligram_water_room_temple

Skill      XL: |  1  2  3  4  5  6  7 |
---------------+----------------------+-----
Short Blades   | 3 4 5 |  5.5
Stealth        | 3 4 5 |  5.5
Fighting       | 3 4 |  4.3
Dodging        | 3 |  3.9

Action                     |  1- 3 |  4- 6 |  7- 9 || total
---------------------------+-------+-------+-------++-------
  Melee: Short sword       |    16 |       |       ||    16
         Bite              |    35 |    32 |    26 ||    93
         Dagger            |   103 |       |       ||   103
         Rapier            |     1 |   123 |    94 ||   218
         Punch             |     1 |       |       ||     1
  Throw: Dart              |       |     4 |       ||     4
    Use: Potion            |     2 |       |       ||     2
         Scroll            |       |     6 |     3 ||     9
   Stab: Sleeping          |    10 |     6 |     5 ||    21
 Armour: Robe              |    10 |       |       ||    10
         Leather armour    |     3 |    16 |    19 ||    38
  Dodge: Dodged            |    55 |    47 |    42 ||   144
  Block: Other             |    16 |    29 |    17 ||    62

Table legend: (Time is in decaauts)
 A = Elapsed time spent in this place.
 B = Non-inter-level travel time spent in this place.
 C = Inter-level travel time spent in this place.
 D = Time resting spent in this place.
 E = Time spent auto-exploring this place.
 F = Levels seen in this place.
 G = Mean time per level.
                   A        B        C        D        E       F      G
               +--------+--------+--------+--------+--------+-----+--------+
         Total |   4228 |   4003 |    225 |     56 |   2677 |   8 |  528.5 |
       Dungeon |   4156 |   3943 |    213 |     56 |   2637 |   7 |  593.7 |
        Temple |     71 |     59 |     12 |      0 |     40 |   1 |   71.0 |
               +--------+--------+--------+--------+--------+-----+--------+

Top non-repeatable levels by time:
     D:4: 1062 daAuts
     D:3: 916 daAuts
     D:5: 828 daAuts
     D:1: 677 daAuts
     D:2: 590 daAuts
     D:6: 78 daAuts
  Temple: 71 daAuts
     D:7: 1 daAuts
